 Dungeon Crawl Stone Soup version 0.13.0-67-g7ee5eca (webtiles) character file.

82424 Chiseanne the Covert (level 15, -18/100 (103) HPs)
             Began as a Vampire Artificer on Nov 27, 2013.
             Was a High Priest of Nemelex Xobeh.
             Demolished by Urug
             ... wielding a +0,+2 great mace of holy wrath
              (30 damage)
             ... on Level 12 of the Dungeon.
             The game lasted 01:51:24 (19415 turns).

Chiseanne the Covert (Vampire Artificer)           Turns: 19415, Time: 01:51:25

HP -18/100 (103) AC 12     Str 13      XL: 15   Next: 28%
MP  31/31        EV 16     Int 16      God: Nemelex Xobeh [*****.]
Gold 190         SH  0     Dex 16      Spells:  5 memorised, 12 levels left

Res.Fire  : . . .   See Invis. : +   a - +4 quarterstaff (chaos)
Res.Cold  : + . .   Warding    : +   u - +2 orc ring mail {rC+}
Life Prot.: + + .   Conserve   : .   (no shield)
Res.Poison: +       Res.Corr.  : .   C - +0 helmet
Res.Elec. : .       Clarity    : .   y - +1 cloak {rPois}
Sust.Abil.: . .     Spirit.Shd : .   (no gloves)
Res.Mut.  : .       Stasis     : .   x - +0 pair of orc boots
Res.Rott. : .       Flight     : .   H - amulet of warding
Saprovore : . . .                    l - ring of wizardry
                                     B - +2 ring of dexterity

@: sage [Earth Magic], quite resistant to hostile enchantments, extremely
stealthy
A: bottle blood, fangs 3, see invisible, unbreathing
a: Bat Form, Bottle Blood, Draw One, Peek at Two, Triple Draw, Deal Four, Stack
Five, Renounce Religion


You were on level 12 of the Dungeon.
You worshipped Nemelex Xobeh.
Nemelex Xobeh was extremely pleased with you.
You were not thirsty.

You visited 2 branches of the dungeon, and saw 13 of its levels.

You collected 487 gold pieces.
You spent 315 gold pieces at shops.

Inventory:

Hand weapons
 a - a +4,+4 quarterstaff of chaos (weapon)
 d - a -1,+2 orcish hand axe of electrocution (quivered)
 s - a +3,+2 scimitar of flaming
 w - a +0 blowgun
Missiles
 t - 6 needles of sleeping
 z - 2 poisoned javelins
Armour
 u - a +2 orcish ring mail of cold resistance (worn)
 x - a +0 pair of orcish boots (worn)
 y - a +1 cloak of poison resistance (worn)
 C - a +0 helmet (worn)
Magical devices
 k - a wand of cold (6)
 F - a wand of frost (7)
Scrolls
 e - 4 scrolls of amnesia
 f - 2 scrolls of identify
 m - a scroll of enchant weapon I
 o - 4 scrolls of enchant weapon II
 N - 4 scrolls of remove curse
Jewellery
 l - a ring of wizardry (right hand)
 n - an uncursed ring of poison resistance
 B - a +2 ring of dexterity (left hand)
 H - an amulet of warding (around neck)
Potions
 r - a potion of restore abilities
 E - 4 potions of curing
Books
 p - Ilsuiw's Tome of the Snowflakes
   (You found it on level 9 of the Dungeon)

   Spells                             Type                      Level
   Freeze                             Ice                          1
   Throw Frost                        Conjuration/Ice              2
   Ensorcelled Hibernation            Hexes/Ice                    2
   *Ozocubu's Armour                  Charms/Ice                   3
   Condensation Shield                Ice                          4
 q - a book of Beasts

   Spells                             Type                      Level
   Summon Butterflies                 Summoning                    1
   Sticks to Snakes                   Transmutation                2
   *Call Canine Familiar              Summoning                    3
   Ice Form                           Ice/Transmutation            4
   *Summon Ice Beast                  Ice/Summoning                4
   *Summon Hydra                      Summoning                    7
 L - the Reference Book on the Lethal Oath
   (You found it on level 9 of the Dungeon)

   Spells                             Type                      Level
   Animate Skeleton                   Necromancy                   1
   Dazzling Spray                     Conjuration/Hexes            3
   Confuse                            Hexes                        3
   *Vampiric Draining                 Necromancy                   3
   Silence                            Hexes/Air                    5
Magical staves
 h - an uncursed staff of summoning
Miscellaneous
 c - an ornate deck of wonders {drawn: 4} {god gift}
 I - an ornate deck of escape {drawn: 1} {god gift}


   Skills:
 * Level 5.7 Fighting
   Level 1.1 Short Blades
 - Level 2.7 Axes
 - Level 3.6 Staves
   Level 2.5 Slings
 * Level 5.3 Armour
 * Level 11.2 Dodging
 - Level 13.8 Stealth
 * Level 9.3 Spellcasting
 - Level 0.7 Charms
 * Level 12.1 Summonings
 - Level 2.3 Ice Magic
   Level 3.0 Earth Magic
 * Level 11.9 Evocations


You had 12 spell levels left.
You knew the following spells:

 Your Spells              Type           Power        Failure   Level  Hunger
a - Ozocubu's Armour      Chrm/Ice       ##........   10%         3    #......
b - Call Canine Familiar  Summ           #####.....   1%          3    #......
c - Summon Ice Beast      Ice/Summ       ####......   3%          4    ###....
d - Summon Hydra          Summ           #####.....   38%         7    #######
e - Vampiric Draining     Necr           #.........   17%         3    #......


Dungeon Overview and Level Annotations

Branches:
Dungeon (12/27)            Temple (1/1) D:6             Orc (0/4) D:11
   Lair: D:8-13

Altars:
Ashenzari
Cheibriados
Elyvilon
Fedhas
Kikubaaqudgha
Makhleb
Nemelex Xobeh
Okawaru
Sif Muna
Trog
Vehumet
Xom
Yredelemnul
Zin
the Shining One

Shops:
D:10 =   D:12 [

Portals:
Trove: D:10 (give +6,+5 demon trident)

Annotations:
D:12 Urug


Innate Abilities, Weirdness & Mutations

You can bottle blood from corpses.
You have razor-sharp teeth.*
You have supernaturally acute eyesight.
You can survive without breathing.*


Message History

Urug throws a javelin.
The javelin misses you.
Firing (i - inventory. (,) - cycle):
g - 2 curare-tipped needles (quivered)
Press: ? - help, Shift-Dir - straight line, f/p - Urug
Aim: Urug, wielding a runed great mace and wearing an orcish leather armour (heavily wounded, poisoned, moving slowly)
You shoot a curare-tipped needle. The curare-tipped needle hits Urug.
Urug is heavily wounded.
Urug convulses.
Urug is no longer moving slowly.
Firing (i - inventory. (,) - cycle):
g - a curare-tipped needle (quivered)
Press: ? - help, Shift-Dir - straight line, f/p - Urug
Aim: Urug, wielding a runed great mace and wearing an orcish leather armour (severely wounded, poisoned)
You shoot a curare-tipped needle. The curare-tipped needle misses Urug.
Urug hits you with a runed great mace!
You convulse.
Wield which item (- for none, * to show all)? (? for menu, Esc to quit)
It is briefly surrounded by a scintillating aura of random colours.
a - a +4,+4 quarterstaff of chaos (weapon)
Urug hits you with a great mace of holy wrath!
* * * LOW HITPOINT WARNING * * *
You convulse!
You die...
Your body glows with a rainbow of weird colours and disappears.

.........##
.........#
#######..##
#...######
##........##
#...#####..#
##..## ##.#
########..##
#.#
#..@......#
#.#
#.o#########
#.# #.#
#..## #.#
..( ###...##
#.. ...
##......##
##. #((#
##..####..#
## ## #..##
#..######
#..#
##..<....
#..###
#.......


You could see Urug.

Vanquished Creatures
  A hydra (D:11)
  A large abomination (D:9)
  An unseen horror (D:10)
  Erolcha (D:12)
  Pikel (D:4)
  A hill giant (D:12)
  Maurice (D:12)
  Grinder (D:3)
  A shadow (D:11)
  A trapdoor spider (D:10)
  5 yaks
  A wraith (D:10)
  2 wyverns (D:11)
  A dwarf (shapeshifter) (D:9)
  2 hungry ghosts
  4 vampire mosquitoes (D:12)
  3 hippogriffs
  3 ice beasts
  Eustachio (D:4)
  A hill giant skeleton (D:12)
  Menkaure (D:7)
  A slave (D:4)
  A necrophage (D:6)
  5 orc warriors
  A human (D:8)
  8 ogres
  A yellow wasp (D:12)
  2 black bears (D:11)
  14 centaurs
  A phantom (D:11)
  A sky beast (D:5)
  A crocodile (D:12)
  2 big kobolds
  4 giant frogs
  Blork the orc (D:5)
  A cyclops zombie (D:11)
  2 water moccasins (D:9)
  5 killer bees (D:11)
  2 yak zombies
  2 wights (D:7)
  11 crimson imps
  3 goliath beetles
  A jelly (D:12)
  Crazy Yiuf (D:3)
  5 hounds
  5 quasits
  11 worker ants
  4 orc priests
  An iguana (D:10)
  6 orc wizards
  3 scorpions
  4 sheep (D:8)
  A big kobold zombie (D:8)
  Ijyb (D:5)
  A sky beast zombie (D:8)
  2 ogre zombies
  A hound zombie (D:6)
  An ogre skeleton (D:6)
  2 hound skeletons
  A spectral human (D:5)
  3 gnolls (D:11)
  A giant centipede (D:6)
  10 adders
  A giant mite (D:4)
  3 worms
  An adder skeleton (D:6)
  An iguana skeleton (D:6)
  2 giant eyeballs
  An ooze (D:3)
  25 orcs
  18 bats
  13 hobgoblins
  17 kobolds
  6 quokkas
  8 giant cockroaches
  7 giant geckos
  9 giant newts
  A giant spore (D:11)
  8 goblins
  19 jackals
  A kobold skeleton (D:6)
  An orc skeleton (D:6)
  17 rats
  A rat skeleton (D:4)
328 creatures vanquished.

Vanquished Creatures (collateral kills)
  Erica (D:11)
  4 large abominations (D:9)
  A hill giant (D:11)
  A wizard (D:9)
  A komodo dragon (D:11)
  A giant firefly (D:11)
  A shadow (D:11)
  A trapdoor spider (D:11)
  2 yaks
  A hill giant zombie (D:11)
  An ugly thing (D:11)
  2 hungry ghosts
  An ogre (D:11)
  7 small abominations (D:9)
  A slave (D:5)
  4 centaurs
  A boring beetle (D:11)
  A wyvern skeleton (D:11)
  A troll zombie (D:10)
  6 killer bees (D:11)
  A wight (D:7)
  A quasit (D:11)
  2 orc wizards
  A mummy (D:9)
  A gnoll (D:11)
  A giant eyeball (D:11)
  14 orcs
  2 hobgoblins (D:10)
  6 kobolds
  An orc zombie (D:10)
69 creatures vanquished.

Vanquished Creatures (others)
  An eldritch tentacle (D:11)
  A dancing weapon (D:11)
  An efreet (D:9)
  A giant firefly (D:11)
  A komodo dragon (D:11)
  2 yaks (D:11)
  A slave (D:5)
  4 ice beasts (D:11)
  A quasit (D:11)
  A worker ant (D:5)
  A worm (D:5)
  An orc zombie (D:5)
  60 eldritch tentacle segments (D:11)
76 creatures vanquished.

Grand Total: 473 creatures vanquished

Notes
Turn   | Place    | Note
--------------------------------------------------------------
     0 | D:1      | Chiseanne, the Vampire Artificer, began the quest for the Orb.
     0 | D:1      | Reached XP level 1. HP: 16/16 MP: 2/2
   306 | D:1      | Reached skill level 3 in Evocations
   534 | D:1      | Reached XP level 2. HP: 11/22 MP: 4/4
  1157 | D:1      | Reached XP level 3. HP: 27/27 MP: 5/5
  1483 | D:2      | Reached skill level 1 in Armour
  1578 | D:2      | Found a white marble altar of Elyvilon.
  2159 | D:3      | Reached skill level 1 in Fighting
  2352 | D:3      | Reached XP level 4. HP: 26/33 MP: 7/7
  2397 | D:3      | Noticed Crazy Yiuf
  2415 | D:3      | Killed Crazy Yiuf
  2496 | D:3      | Noticed Grinder
  2508 | D:3      | Killed Grinder
  2508 | D:3      | Reached skill level 4 in Dodging
  2508 | D:3      | Reached XP level 5. HP: 17/39 MP: 9/9
  2508 | D:3      | Reached XP level 6. HP: 19/45 MP: 10/10
  2902 | D:4      | Reached skill level 1 in Staves
  3186 | D:4      | Reached XP level 7. HP: 47/51 MP: 12/12
  3202 | D:4      | Noticed Eustachio
  3233 | D:4      | Killed Eustachio
  3233 | D:4      | Reached skill level 5 in Dodging
  3297 | D:4      | Noticed a moth of wrath
  3300 | D:4      | Found a bloodstained altar of Trog.
  3547 | D:4      | Paralysed by a giant eyeball for 4 turns
  3788 | D:5      | Entered Level 5 of the Dungeon
  3813 | D:5      | Noticed Pikel
  3814 | D:5      | Noticed Ijyb
  3849 | D:4      | Killed Pikel
  3868 | D:5      | Reached skill level 6 in Dodging
  3868 | D:5      | Reached XP level 8. HP: 33/57 MP: 14/14
  3869 | D:5      | Killed Ijyb
  4112 | D:5      | Noticed Blork the orc
  4120 | D:5      | Killed Blork the orc
  4295 | D:5      | Found a basalt altar of Yredelemnul.
  4408 | D:5      | Reached skill level 5 in Evocations
  4533 | D:6      | Reached skill level 7 in Dodging
  4755 | D:6      | Found a burning altar of Makhleb.
  4761 | D:6      | Reached skill level 1 in Axes
  4778 | D:6      | Found a staircase to the Ecumenical Temple.
  4798 | Temple   | Entered the Ecumenical Temple
  5448 | D:6      | Reached XP level 9. HP: 63/63 MP: 17/17
  5669 | D:7      | Noticed Menkaure
  5671 | D:7      | Killed Menkaure
  5698 | D:7      | Reached skill level 8 in Dodging
  6711 | D:8      | Reached skill level 9 in Dodging
  7168 | D:8      | You fall through a shaft!
  7168 | D:10     | Entered Level 10 of the Dungeon
  7214 | D:10     | HP: 1/65 [orc warrior/orcish great mace (22)]
  7220 | D:10     | Found a portal to a secret trove of treasure.
  7466 | D:10     | Found Cuzxuhuf's Jewellery Shop.
  7479 | D:10     | Bought an uncursed amulet of warding for 210 gold pieces
  7479 | D:10     | Bought a cursed ring of hunger for 28 gold pieces
  7826 | Temple   | Became a worshipper of Nemelex Xobeh
  8375 | D:6      | Received a gift from Nemelex Xobeh
  8731 | D:5      | Acquired Nemelex Xobeh's first power
  9273 | D:3      | Acquired Nemelex Xobeh's second power
 10131 | D:7      | Received a gift from Nemelex Xobeh
 10443 | D:8      | Reached skill level 1 in Slings
 10706 | D:9      | Acquired Nemelex Xobeh's third power
 10787 | D:9      | Reached skill level 1 in Ice Magic
 10868 | D:9      | Reached XP level 10. HP: 72/72 MP: 17/20
 10906 | D:9      | Noticed a wizard
 10912 | D:9      | Killed a wizard
 10938 | D:9      | Identified the Reference Book on the Lethal Oath
 10947 | D:9      | Identified Ilsuiw's Tome of the Snowflakes
 10957 | D:9      | Noticed a large abomination
 10957 | D:9      | Noticed a large abomination
 10957 | D:9      | Noticed a large abomination
 10958 | D:9      | Noticed a large abomination
 10961 | D:9      | Noticed a large abomination
 10961 | D:9      | Killed a large abomination
 10961 | D:9      | Reached skill level 5 in Fighting
 10961 | D:9      | Reached skill level 5 in Armour
 10965 | D:9      | Killed a large abomination
 10965 | D:9      | Reached skill level 10 in Dodging
 10968 | D:9      | Killed a large abomination
 10968 | D:9      | Killed a large abomination
 10969 | D:9      | Killed a large abomination
 11183 | D:9      | Learned a level 3 spell: Ozocubu's Armour
 11556 | D:9      | Received a gift from Nemelex Xobeh
 11572 | D:9      | Reached skill level 11 in Evocations
 11572 | D:9      | Reached XP level 11. HP: 78/78 MP: 18/25
 12237 | D:10     | Acquired Nemelex Xobeh's fourth power
 12374 | D:10     | Reached skill level 1 in Summonings
 12433 | D:10     | Noticed an unseen horror
 12455 | D:10     | Killed an unseen horror
 12461 | D:10     | Learned a level 3 spell: Call Canine Familiar
 13561 | D:10     | Learned a level 4 spell: Summon Ice Beast
 13606 | D:11     | Noticed an eight-headed hydra
 14173 | D:11     | Acquired Nemelex Xobeh's fifth power
 14176 | D:11     | Paralysed by a giant eyeball for 4 turns
 14212 | D:11     | Reached XP level 12. HP: 83/83 MP: 15/28
 14213 | D:11     | Received a gift from Nemelex Xobeh
 14215 | D:11     | Reached XP level 13. HP: 85/87 MP: 11/29
 14224 | D:11     | Learned a level 7 spell: Summon Hydra
 14225 | D:11     | Reached skill level 13 in Stealth
 14225 | D:11     | Reached XP level 14. HP: 94/94 MP: 9/30
 14226 | D:11     | Reached XP level 15. HP: 100/100 MP: 8/31
 14337 | D:11     | Noticed Erica
 14826 | D:11     | Killed Erica
 14826 | D:11     | Reached skill level 1 in Earth Magic
 14850 | D:11     | Found a staircase to the Orcish Mines.
 15086 | D:11     | Killed an eldritch tentacle
 15337 | D:11     | Received a gift from Nemelex Xobeh
 15532 | D:11     | Killed an eight-headed hydra
 15600 | D:11     | Received a gift from Nemelex Xobeh
 16177 | D:11     | Received a gift from Nemelex Xobeh
 18274 | D:12     | Found Cemebeiz's Antique Armour Shoppe.
 18282 | D:12     | Bought a helmet for 77 gold pieces
 18304 | D:12     | Received a gift from Nemelex Xobeh
 18946 | D:12     | Learned a level 3 spell: Vampiric Draining
 18950 | D:12     | Noticed Erolcha
 18954 | D:12     | Received a gift from Nemelex Xobeh
 18954 | D:12     | Killed Erolcha
 19082 | D:12     | Noticed Maurice
 19096 | D:12     | Killed Maurice
 19401 | D:12     | Noticed Urug
 19415 | D:12     | Demolished by Urug

Action                   |  1- 3 |  4- 6 |  7- 9 | 10-12 | 13-15 || total
-------------------------+-------+-------+-------+-------+-------++-------
Melee: Short sword       |    42 |       |       |       |       ||    42
       Hand axe          |    39 |       |       |       |       ||    39
       War axe           |    75 |     9 |       |       |       ||    84
       Quarterstaff      |       |    74 |   418 |   196 |   195 ||   883
 Fire: Blowgun           |       |       |       |    14 |    13 ||    27
Throw: Javelin           |       |       |       |     5 |       ||     5
 Cast: Summon Ice Beast  |       |       |       |       |     7 ||     7
       Summon Hydra      |       |       |       |       |     7 ||     7
Invok: Draw One          |       |       |     2 |    10 |    43 ||    55
 Abil: Bottle Blood      |       |       |     1 |       |       ||     1
       End Transformatio |       |       |       |       |     1 ||     1
Evoke: Wand              |     2 |     6 |    53 |    30 |    24 ||   115
       Deck              |       |       |     4 |       |       ||     4
       Miscellaneous     |       |       |       |     1 |       ||     1
  Use: Scroll            |     6 |     4 |    13 |     1 |     6 ||    30
       Potion            |     3 |       |     8 |     3 |       ||    14
 Stab: Sleeping          |     1 |     1 |     5 |     1 |     4 ||    12
       Paralysed         |       |     7 |     4 |     3 |     8 ||    22
       Distracted        |       |       |     1 |     1 |       ||     2
       Confused          |       |       |     3 |     1 |       ||     4
       Petrifying        |       |       |     1 |     1 |     1 ||     3
       Petrified         |       |       |       |       |     1 ||     1
